 Dungeon Crawl Stone Soup version 0.23.2-30-g0e89c35649 (webtiles) character file.

Game seed: 6339258106853316147

4734 Pyrotika the Basher (level 10, -9/88 HPs)
             Began as a Hill Orc Fighter on June 14, 2019.
             Was a Follower of Uskayaw.
             Killed from afar by Erica (15 damage)
             ... with a bolt of poison
             ... on level 8 of the Dungeon.
             The game lasted 00:31:53 (9331 turns).

Pyrotika the Basher (Hill Orc Fighter)              Turns: 9331, Time: 00:31:56

Health: -9/88      AC: 13    Str: 21    XL:     10   Next: 46%
Magic:  10/10      EV: 11    Int:  8    God:    Uskayaw [*.....]
Gold:   453        SH: 11    Dex: 12    Spells: 9/9 levels left

rFire    + . .     SeeInvis .   r - +4 dagger (venom)
rCold    . . .     Gourm    .   c - +0 shield
rNeg     . . .     Faith    .   v - +2 scale mail {rF+}
rPois    .         Spirit   .   y - +0 helmet
rElec    .         Reflect  .   b - +0 cloak
rCorr    .         Harm     .   (no gloves)
MR       .....                  (no boots)
Stlth    ..........             (no amulet)
HPRegen  0.24/turn              j - +1 ring of protection
MPRegen  0.12/turn              (no ring)

@: lethally poisoned (-9 -> -29)
A: no striking features
a: Stomp, Renounce Religion


You were on level 8 of the Dungeon.
You worshipped Uskayaw.
Uskayaw was noncommittal.
You were not hungry.

You visited 2 branches of the dungeon, and saw 11 of its levels.

You collected 453 gold pieces.

Inventory:

Hand Weapons
 n - a +1 whip of venom
 r - a +4 dagger of venom (weapon)
 t - a +2 long sword of freezing
 D - a +5 great sword
Armour
 b - a +0 cloak (worn)
 c - a +0 shield (worn)
 v - a +2 scale mail of fire resistance (worn)
 y - a +0 helmet (worn)
 C - a +0 ring mail of cold resistance
Jewellery
 j - a +1 ring of protection (left hand)
Wands
 e - a wand of iceblast (10)
 o - a wand of flame (10)
 s - a wand of polymorph (10)
 w - a wand of enslavement (4)
 E - a wand of acid (4)
Scrolls
 g - 10 scrolls of remove curse {unknown}
 i - a scroll of enchant weapon {unknown}
 m - 2 scrolls of teleportation {unknown}
 p - a scroll of magic mapping {unknown}
 q - 2 scrolls of identify
 x - 2 scrolls of fog
Potions
 d - 2 potions of might
 h - a potion of haste
 k - 3 potions of degeneration
Comestibles
 a - 3 chunks of flesh
 f - 10 rations


   Skills:
 + Level 8.2 Fighting
 * Level 1.2 Short Blades
   Level 3.8(7.9) Axes
 - Level 9.1(9.3) Maces & Flails
 + Level 7.4 Armour
 + Level 5.0 Dodging
 + Level 7.5 Shields


You had 9 spell levels left.
You didn't know any spells.
Your spell library was empty.

Dungeon Overview and Level Annotations

Branches:
Dungeon (10/15)            Temple (1/1) D:5
   Lair: D:8-11         Orc: D:9-12

Altars:
Ashenzari
Cheibriados
Dithmenos
Elyvilon
Fedhas
Gozag
Hepliaklqana
Kikubaaqudgha
Makhleb
Nemelex Xobeh
Okawaru
Qazlal
Ru
Sif Muna
Trog
Uskayaw
Vehumet
Wu Jian
The Shining One

Annotations:
D:7 3 runed translucent doors, exclusion: 2 doors, DKeggars's ghost, novice TrBe; Frank's ghost, novice OpFi; Ratty's ghost, novice HOVM; appiemonkey's ghost, novice TrFi
D:8 Erica


Message History

You're too confused to move!
You feel less confused. Something hits you but does no damage.
Something hits you!
You hit something.
You hear some strange, mumbled words.
A bolt of poison appears from out of thin air!
The bolt of poison hits you!!
You are poisoned.
* * * LOW HITPOINT WARNING * * *
You closely miss something.
You feel sick. Something hits you.
* * * LOW HITPOINT WARNING * * *
You completely miss something.
* * * LOW HITPOINT WARNING * * *
You feel sick.
You hear some strange, mumbled words.
A bolt of poison appears from out of thin air!
The bolt of poison hits you!
You are more poisoned.
You die...

...........# #.....# #..#
..#........##......# #..#
..#........##....... #..#
........[[..........##..#
.(##....)(...........#...
###..##.....[(........#.#..#
.?#..##...............#.#...
######.#.#
#....{.....######...#.
.........#
####.@....[).(......#.
..####..###
###.....[###......>..
..(.......# #........#
#......... ..........#
#........# #.........
..........# #........#
#......... .....[....#
#....##### #######.##
..........# #....# #...
..........# #....# ####
..........# #....#


There were no monsters in sight!

Vanquished Creatures
  A troll (D:9)
  Sigmund (D:3)
  3 yaks (D:10)
  Menkaure (D:7)
  An ice beast (D:5)
  An eye of draining (D:8)
  3 orc warriors
  A black bear (D:7)
  A phantom (D:4)
  2 ogres
  A sky beast (D:6)
  5 centaurs
  A big kobold (D:8)
  A bullfrog (D:6)
  2 water moccasin zombies
  2 scorpions
  6 killer bees (D:10)
  8 wights (D:7)
  A howler monkey (D:5)
  6 crimson imps
  6 hounds
  3 jellies
  2 bullfrog skeletons
  A gnoll shaman (D:9)
  6 orc priests
  A centaur skeleton (D:5)
  Crazy Yiuf (D:5)
  Ijyb (D:5)
  3 worker ants
  Terence (D:3)
  10 orc wizards
  An iguana (D:7)
  2 hound skeletons
  A worker ant zombie (D:5)
  4 gnolls (D:9)
  9 adders
  3 shadow imps
  4 worms
  3 dart slugs
  6 leopard geckos
  34 orcs
  6 giant cockroaches
  4 goblins
  5 hobgoblins
  11 jackals
  14 kobolds
  3 quokkas
  3 ball pythons
  10 bats
  3 frilled lizards
  2 quokka skeletons
  8 rats
219 creatures vanquished.

Notes
Turn   | Place    | Note
-------+----------+-------------------------------------------
     0 | D:1      | Pyrotika the Hill Orc Fighter began the quest for the Orb.
     0 | D:1      | Reached XP level 1. HP: 19/19 MP: 1/1
    41 | D:1      | Reached XP level 2. HP: 25/27 MP: 2/2
   299 | D:1      | Reached XP level 3. HP: 16/33 MP: 3/3
  1861 | D:3      | Reached XP level 4. HP: 40/40 MP: 4/4
  1866 | D:3      | Noticed a centaur
  1999 | D:2      | Killed a centaur
  1999 | D:2      | Reached skill level 1 in Maces & Flails
  1999 | D:2      | Reached skill level 1 in Dodging
  1999 | D:2      | Reached XP level 5. HP: 16/47 MP: 5/5
  2265 | D:3      | Reached skill level 2 in Maces & Flails
  2266 | D:3      | Noticed Sigmund
  2626 | D:3      | Killed Sigmund
  2626 | D:3      | Reached skill level 3 in Maces & Flails
  2626 | D:3      | Reached XP level 6. HP: 14/55 MP: 6/6
  3003 | D:3      | Noticed Terence
  3013 | D:3      | Killed Terence
  3125 | D:4      | Reached skill level 5 in Fighting
  3125 | D:4      | Reached XP level 7. HP: 42/61 MP: 7/7
  3710 | D:4      | Reached skill level 4 in Maces & Flails
  4369 | D:4      | Reached skill level 5 in Armour
  4450 | D:5      | Entered Level 5 of the Dungeon
  4503 | D:5      | Noticed Ijyb
  4548 | D:5      | Killed Ijyb
  4548 | D:5      | Reached skill level 5 in Shields
  4548 | D:5      | Reached XP level 8. HP: 67/69 MP: 8/8
  4662 | D:5      | Reached skill level 5 in Maces & Flails
  4760 | D:5      | Found a staircase to the Ecumenical Temple.
  4766 | Temple   | Entered the Ecumenical Temple
  4814 | Temple   | Became a worshipper of Uskayaw the Reveler
  4966 | D:5      | Reached * piety under Uskayaw
  5085 | D:5      | Reached ** piety under Uskayaw
  5098 | D:5      | Found a runed translucent door.
  5113 | D:5      | Noticed Crazy Yiuf
  5279 | D:5      | Killed Crazy Yiuf
  5626 | D:6      | Reached skill level 6 in Maces & Flails
  5654 | D:6      | Reached *** piety under Uskayaw
  5659 | D:6      | Reached **** piety under Uskayaw
  5895 | D:6      | Found a deep blue altar of Sif Muna.
  5964 | D:6      | Found an iron altar of Okawaru.
  5996 | D:6      | Reached XP level 9. HP: 74/78 MP: 9/9
  6237 | D:7      | Found a glowing golden altar of the Shining One.
  6570 | D:7      | Reached skill level 7 in Maces & Flails
  6870 | D:7      | Found a runed translucent gate.
  6870 | D:7      | Found a runed translucent gate.
  6870 | D:7      | Noticed DKeggars's ghost (novice TrBe)
  6872 | D:7      | Found a runed translucent gate.
  6872 | D:7      | Noticed Frank's ghost (novice OpFi)
  6872 | D:7      | Noticed appiemonkey's ghost (novice TrFi)
  6872 | D:7      | Noticed Ratty's ghost (novice HOVM)
  6933 | D:7      | Reached ***** piety under Uskayaw
  6970 | D:7      | HP: 3/118 [acid (8)]
  7452 | D:7      | Noticed Menkaure
  7463 | D:7      | Killed Menkaure
  7814 | D:8      | Reached skill level 8 in Maces & Flails
  8072 | D:8      | Noticed Erica
  8193 | D:8      | Reached XP level 10. HP: 66/86 MP: 10/10
  8301 | D:8      | You fall through a shaft for 2 floors!
  8301 | D:10     | Entered Level 10 of the Dungeon
  8446 | D:10     | HP: 2/88 [yak (4)]
  8864 | D:10     | Reached skill level 9 in Maces & Flails
  9134 | D:9      | Reached skill level 1 in Short Blades
  9254 | D:9      | Noticed a two-headed ogre
  9257 | D:9      | Reached skill level 5 in Dodging
  9331 | D:8      | Killed from afar by Erica

Skill      XL: |  1  2  3  4  5  6  7  8  9 10 |
---------------+-------------------------------+-----
Axes           | 3 |  3.8
Fighting       | 4 5 6 7 8 |  8.2
Maces & Flails | 1 3 4 6 8 9 |  9.1
Armour         | 4 5 6 7 |  7.4
Dodging        | 1 2 3 4 5 |  5.0
Shields        | 4 5 6 7 |  7.5
Short Blades   | 1 |  1.2

Action                   |  1- 3 |  4- 6 |  7- 9 | 10-12 || total
-------------------------+-------+-------+-------+-------++-------
Melee: War axe           |   127 |       |       |       ||   127
       Whip              |     8 |    95 |   755 |   152 ||  1010
       Unarmed           |       |       |     6 |       ||     6
       Dagger            |       |       |       |    26 ||    26
  Use: Potion            |       |       |     6 |     4 ||    10
       Scroll            |       |       |       |     3 ||     3
 Stab: Paralysed         |       |       |    15 |     6 ||    21
  Eat: Ration            |     1 |       |     2 |       ||     3
       Chunk             |       |     3 |    14 |     1 ||    18
Armor: Scale mail        |    61 |    27 |   208 |    74 ||   370
       Skin              |       |       |     6 |       ||     6
Dodge: Dodged            |    56 |    21 |   186 |    72 ||   335
Block: Shield            |    70 |    25 |   295 |   122 ||   512
